Map: LotV Custom - Nimbus LE - Archon Mode

Players

ZERATUL

  • Race: Protoss Protoss
  • Spawn Location: 11:00

Hindulaatti - Winner!

  • Race: Terran Terran
  • League: Platinum
  • Spawn Location: 5:00

VOD

Have the link to the VOD?

Description

Time

  • Played on: April 2, 2015, 9:07 a.m.
  • Length: 4:52
Show
View Real Time Build Order
Export as new Build Order

ZERATUL Protoss 

Build Orders: Nexus First 

Get SALT Encoding   

  12  0:47  Nexus  
  12  0:50  Probe (Chrono Boost)  
  13  1:00  Probe (Chrono Boost)  
  14  1:06  Pylon  
  14  1:19  Pylon  
  14  1:24  Probe  
  15  1:33  Gateway  
  15  1:58  Forge  
  15  2:01  Pylon  
  15  2:13  Probe  
  16  2:26  Probe  
  17  2:34  Photon Cannon  
  17  2:38  Probe  
  17  2:41  Zealot (Chrono Boost)  
  19  2:50  Probe  
  18  3:02  Probe  
Show
View Real Time Build Order
Export as new Build Order

Hindulaatti Terran - Winner!

Build Orders:  

Get SALT Encoding   

  12  0:00  SCV  
  13  0:12  Supply Depot  
  13  0:17  SCV  
  14  0:29  SCV  
  14  0:33  Refinery  
  15  0:41  SCV  
  16  0:47  Barracks  
  16  0:53  SCV  
  17  1:06  SCV  
  18  1:18  Supply Depot, SCV  
  19  1:30  SCV  
  20  1:36  Reaper  
  21  1:42  Orbital Command  
  21  1:54  Command Center  
  21  2:03  Factory  
  21  2:10  SCV  
  21  2:14  Marine  
  23  2:22  SCV  
  24  2:34  Barracks Tech Lab, SCV  
  25  2:46  SCV  
  26  2:58  SCV  
  27  3:06  Cyclone  
  27  3:08  Orbital Command  
  27  3:10  SCV  
  31  3:14  Marine  
  32  3:22  SCV  
  33  3:27  Command Center  
  33  3:31  Marine  
  34  3:34  SCV  
  34  3:39  Refinery  
  35  3:43  Hellion  
  35  3:47  SCV  
  39  3:48  SCV  
  39  3:49  Marine  
  40  4:04  Command Center  
  40  4:07  Marine  
  40  4:08  Supply Depot  
  43  4:13  Starport  
  43  4:14  Barracks  
  43  4:16  Barracks  
  41  4:18  Cyclone  
  44  4:25  Marine  
  44  4:28  SCV  
  44  4:30  SCV  
Tags
 
Add a new tag
Caveats
  • Supply blocks, unpowered buildings, or Contaminate may cause inaccurate times.
  • Supply counts are checked every 10 seconds.